 Dungeon Crawl Stone Soup version 0.16.1-17-g773cdaf (webtiles) character file.

445 jacksonaction the Changer (level 7, -1/43 HPs)
             Began as an Octopode Transmuter on Apr 22, 2015.
             Slain by VortexMagus' ghost (9 damage)
             ... on level 4 of the Dungeon.
             The game lasted 00:24:32 (4744 turns).

jacksonaction the Changer (Octopode Transmuter)     Turns: 4744, Time: 00:24:32

Health: -1/43      AC:  1    Str:  9    XL:     7   Next: 3%
Magic:  9/12       EV: 12    Int: 18    God:
Gold:   281        SH:  0    Dex: 12    Spells: 3 memorised, 1 level left

rFire  . . .     SeeInvis .     n - melded +1 dagger (drain)
rCold  . . .     Clarity  .     (shield currently unavailable)
rNeg   . . .     SustAb   .     (helmet restricted)
rPois  .         Gourm    .     (no amulet)
rElec  .         Spirit   .     (no ring)
rCorr  .         Warding  .     (no ring)
rMut   .         Stasis   .     (no ring)
MR     .....                    (no ring)
Stlth  ++........               (no ring)
                                (no ring)
                                (no ring)
                                (no ring)

@: lethally poisoned (-1 -> -6), about to teleport, blade tentacles, not
resistant to hostile enchantments, unstealthy
A: almost no armour, amphibious, 8 rings, constrict 8, camouflage 1, gelatinous
body 1
a: End Transformation


You were on level 4 of the Dungeon.
You were hungry.
You had blades for tentacles.
You visited 1 branch of the dungeon, and saw 4 of its levels.
You also visited: Sewer.

You collected 281 gold pieces.

Inventory:

Hand weapons
 n - a +1 dagger of draining (melded)
 o - a +0 spear
Missiles
 b - 52 stones
 i - 7 tomahawks
 u - 4 javelins (quivered)
Armour
 t - a +0 shield
Jewellery
 p - an uncursed amulet of stasis {unknown}
 z - an uncursed amulet of the gourmand {unknown}
Magical devices
 w - a wand of polymorph (8)
 x - a wand of paralysis (9)
Scrolls
 f - a scroll of magic mapping
 g - a scroll of identify
 h - 4 scrolls of teleportation
 m - 2 scrolls of amnesia
 r - 2 scrolls of recharging
 v - 3 scrolls of fear
 y - 2 scrolls of enchant armour
Potions
 c - 2 potions of restore abilities {unknown}
 e - a potion of agility {unknown}
 k - a potion of invisibility {unknown}
 l - 2 potions of curing
 s - 2 potions of flight {unknown}
Books
 d - a book of Changes

   Spells                             Type                      Level
   a - Beastly Appendage              Transmutation                1
   b - Sticks to Snakes               Transmutation                2
   c - Spider Form                    Transmutation/Poison         3
   d - Ice Form                       Ice/Transmutation            4
   e - Blade Hands                    Transmutation                5
Comestibles
 a - 2 bread rations
 j - 3 chunks of flesh
 q - 2 meat rations


   Skills:
 - Level 1.0 Fighting
 - Level 2.0 Dodging
 - Level 3.0 Unarmed Combat
 - Level 2.0 Spellcasting
 + Level 7.3 Transmutations


You had one spell level left.
You knew the following spells:

 Your Spells              Type           Power        Failure   Level  Hunger
a - Beastly Appendage     Trmt           ####..       14%         1    #......
b - Spider Form           Trmt/Pois      ###.......   54%         3    ###....
c - Blade Hands           Trmt           ####......   71%         5    ######.


Dungeon Overview and Level Annotations

Branches:
Dungeon (4/15)
 Temple: D:4-7

Altars:

Annotations:
D:4 VortexMagus' ghost, experienced SpCK


Innate Abilities, Weirdness & Mutations

You cannot wear most types of armour.
You are amphibious.
You can wear up to eight rings at the same time.
You can use your tentacles to constrict many enemies at once.
Your skin changes colour to match your surroundings (Stealth).
Your rubbery body absorbs attacks (AC +1).


Message History

VortexMagus' ghost barely misses you.
You miss VortexMagus' ghost. Your squeeze misses VortexMagus' ghost.
VortexMagus' ghost is heavily damaged.
Drink which item? (? for menu, Esc to quit)
It was a potion of curing.
You feel better. VortexMagus' ghost hits you. VortexMagus' ghost burns you.
Read which item? (? for menu, Esc to quit)
As you read the scroll of teleportation, it crumbles to dust.
You feel strangely unstable. VortexMagus' ghost hits you.
* * * LOW HITPOINT WARNING * * *
You are poisoned.
Unknown command.
You barely miss VortexMagus' ghost.
VortexMagus' ghost is heavily damaged.
You feel sick. VortexMagus' ghost hits you.
* * * LOW HITPOINT WARNING * * *
You slash VortexMagus' ghost!
VortexMagus' ghost is almost destroyed.
You feel sick. VortexMagus' ghost hits you!
You die...

##..## #.((# #...##
#....### ###
##......#### ..###
###......(...#
....#####.......(.####
#.................##
###...........#W@..#
##.......######..#
##....### ##.## #...##
##.# ##...# #.#
##†..## #.# ##.....#
#.# ##......# ###
#.......#


You could see VortexMagus' ghost.

Vanquished Creatures
  Purgy (Sewer)
  A crimson imp (D:4)
  An orc priest (D:4)
  An orc wizard (D:4)
  12 adders
  5 worms
  2 giant mites (D:3)
  An adder skeleton (D:4)
  7 giant geckos
  An ooze (D:4)
  11 orcs
  A giant cockroach (D:1)
  12 goblins
  8 hobgoblins
  3 jackals (D:1)
  A quokka (D:3)
  3 ball pythons
  5 bats
  8 giant newts
  8 kobolds
  8 rats
100 creatures vanquished.

Notes
Turn   | Place    | Note
--------------------------------------------------------------
     0 | D:1      | jacksonaction, the Octopode Transmuter, began the quest for the Orb.
     0 | D:1      | Reached XP level 1. HP: 13/13 MP: 3/3
   357 | D:1      | Reached XP level 2. HP: 4/18 MP: 2/4
  1162 | D:2      | Reached XP level 3. HP: 23/23 MP: 4/6
  1294 | D:2      | Learned a level 3 spell: Spider Form
  1597 | D:2      | Reached skill level 4 in Transmutations
  1659 | D:2      | Reached XP level 4. HP: 26/28 MP: 7/7
  2440 | D:3      | You fall through a shaft!
  2441 | D:4      | Reached skill level 5 in Transmutations
  2441 | D:4      | Reached XP level 5. HP: 33/33 MP: 9/9
  2827 | D:3      | Found a glowing drain.
  2923 | Sewer    | Entered a sewer
  3155 | Sewer    | Noticed Purgy
  3298 | Sewer    | Killed Purgy
  3298 | Sewer    | Reached skill level 6 in Transmutations
  3298 | Sewer    | Reached XP level 6. HP: 25/38 MP: 10/10
  3314 | Sewer    | Learned a level 5 spell: Blade Hands
  3941 | D:4      | Reached skill level 7 in Transmutations
  4432 | D:4      | Noticed VortexMagus' ghost (experienced SpCK)
  4516 | D:4      | Reached XP level 7. HP: 30/43 MP: 9/12
  4744 | D:4      | Slain by VortexMagus' ghost

Action                   |  1- 3 |  4- 6 |  7- 9 || total
-------------------------+-------+-------+-------++-------
Melee: Unarmed           |    79 |    75 |    13 ||   167
       Dagger            |       |   100 |     6 ||   106
       Spear             |       |    40 |       ||    40
Throw: Stone             |    14 |    16 |       ||    30
       Javelin           |       |    18 |       ||    18
 Cast: Beastly Appendage |     5 |       |       ||     5
       Spider Form       |     4 |     9 |       ||    13
       Blade Hands       |       |       |     1 ||     1
  Use: Scroll            |       |     6 |     1 ||     7
       Potion            |       |       |     1 ||     1
 Stab: Sleeping          |     4 |     4 |       ||     8
       Distracted        |       |     1 |       ||     1
  Eat: Chunk             |     3 |    10 |     1 ||    14
